 Dungeon Crawl Stone Soup version 0.23-a0-370-gf497b7c (webtiles) character file.

33 emperorscorpion the Charmwright (level 3, 0/18 HPs)
             Began as a Vine Stalker Skald on Oct 24, 2018.
             Succumbed to an adder's poison
             ... on level 2 of the Dungeon.
             The game lasted 00:01:38 (983 turns).

emperorscorpion the Charmwright (Vine Stalker Skald) Turns: 983, Time: 00:01:38

Health: 0/18       AC:  3    Str: 12 (13) XL:     3   Next: 29%
Magic:  7/7        EV: 17    Int: 11 (13) God:
Gold:   12         SH:  0    Dex: 16 (19) Spells: 5/6 levels left

rFire    . . .     SeeInvis .   a - +0 short sword
rCold    . . .     Gourm    .   (no shield)
rNeg     . . .     Faith    .   b - +0 leather armour
rPois    .         Spirit   +   (no helmet)
rElec    .         Reflect  .   (no cloak)
rCorr    .         Harm     .   (no gloves)
MR       .....                  (no boots)
Stlth    ++........             (no amulet)
HPRegen  0.06/turn              (no ring)
MPRegen  0.10/turn              (no ring)

@: agile, lethally poisoned (0 -> -4)
A: fangs 2, magic shield, antimagic bite, no potion heal 3, rot immunity
a: no special abilities


You were on level 2 of the Dungeon.
You were not hungry.

You visited 1 branch of the dungeon, and saw 2 of its levels.

You collected 12 gold pieces.

Inventory:

Hand Weapons
 a - a +0 short sword (weapon)
Missiles
 g - 16 poisoned needles
Armour
 b - a +0 leather armour (worn)
Scrolls
 f - 2 scrolls of identify {unknown}
Comestibles
 d - 2 rations
 h - a chunk of flesh


   Skills:
 + Level 2.0 Fighting
 + Level 2.1 Short Blades
 + Level 1.0 Armour
 + Level 1.9 Dodging
 + Level 0.5 Stealth
 + Level 2.2 Spellcasting
 + Level 3.4 Charms


You had 5 spell levels left.
You knew the following spells:

 Your Spells              Type           Power        Failure   Level  Hunger
a - Infusion              Chrm           #...         9%          1    ##.....

Your spell library contained the following spells:

 Spells                   Type           Power        Failure   Level  Hunger
 Song of Slaying          Chrm           #.......     14%         2    ###....
 Shroud of Golubria       Chrm/Tloc      #.........   26%         2    ###....
 Regeneration             Chrm/Necr      #.........   47%         3    ####...
 Spectral Weapon          Hex/Chrm       #.......     47%         3    ####...


Dungeon Overview and Level Annotations

Branches:
Dungeon (2/15)

Altars:


Innate Abilities, Weirdness & Mutations

You have extremely sharp teeth.
When hurt, damage is shared between your health and your magic reserves.
Your bite disrupts and absorbs the magic of your enemies.
Potions cannot restore your health.
You are immune to rotting.


Message History

The adder closely misses you.
You hit the adder.
You kill the adder!
It was a potion of degeneration.
There was something very wrong with that liquid.
You feel weakened.
You feel dopey.
You feel clumsy.
* * * LOW HITPOINT WARNING * * *
You feel sick.
It was a potion of heal wounds.
That seemed strangely inert.
It was a potion of agility.
You feel agile all of a sudden.
* * * LOW HITPOINT WARNING * * *
You feel sick.
* * * LOW HITPOINT WARNING * * *
You feel sick.
Found a ring mail.
* * * LOW HITPOINT WARNING * * *
You feel sick.
A hobgoblin comes into view.
You die...

.....###.......
........#.#.#.#.#.#.#
.....#............g.
.....#.#.#.#.#.#.#.#.#.#
.....##.........[.......
....S##.#.#.#.#.#.#.#.#
.....###.............
.....###.#.#.#.#.#.#.#.#
.[..............@.......
########..#.#.#.#.#.#.#.
#............
###.#.#.#.#.#.#
##............
#.#.#.#.#.#.#.
##......... ########...


You could see a hobgoblin.

Vanquished Creatures
  An adder (D:2)
  A dart slug (D:1)
  6 bats
  3 giant cockroaches
  4 hobgoblins
  3 frilled lizards
  4 rats
22 creatures vanquished.

Notes
Turn   | Place    | Note
-------+----------+-------------------------------------------
     0 | D:1      | emperorscorpion the Vine Stalker Skald began the quest for
                  | the Orb.
     0 | D:1      | Reached XP level 1. HP: 11/11 MP: 4/4
    97 | D:1      | Reached XP level 2. HP: 15/15 MP: 6/6
   761 | D:2      | Reached skill level 1 in Armour
   959 | D:2      | Reached XP level 3. HP: 17/18 MP: 7/7
   983 | D:2      | Succumbed to an adder's poison

Vault maps used:
D:1:      dpeg_arrival_ratfight, st_stairs_13
D:2:      cheibrodos_greedy_goblins, hex_large, minmay_ruptured, uniq_robin

Skill      XL: |  1  2 |
---------------+-------+-----
Fighting       | 2 |  2.0
Armour         | 1 |  1.0
Short Blades   | 2 |  2.1
Dodging        | |  1.9
Stealth        | |  0.5
Spellcasting   | |  2.2
Charms         | |  3.4

Action                   || total
-------------------------++-------
Melee: Short sword       ||   100
       Bite              ||    20
  Use: Potion            ||     3
 Stab: Sleeping          ||     1
Armor: Leather armour    ||    50
Dodge: Dodged            ||   103

Table legend:
 A = Non-vault XP
 B = Vault XP
 C = Vault XP percentage of total XP
 D = Non-vault monster count
 E = Vault monster count
 F = Vault count percentage of total count
                 A         B        C        D         E       F
            +---------+---------+-------+---------+---------+-------
      Total |      44 |       4 |   8.3 |      19 |       3 |  13.6
            +---------+---------+-------+---------+---------+-------
        D:1 |      17 |       2 |  10.5 |       9 |       1 |  10.0
        D:2 |      27 |       2 |   6.9 |      10 |       2 |  16.7
            +---------+---------+-------+---------+---------+-------
